 Dungeon Crawl Stone Soup version 0.27-a0-668-gb5737ff2c0 (webtiles) character file.

Game seed: 3993522894178294549

588 sanka the Purveyor of Pain (level 7, 0/41 HPs)
             Began as a Vampire Necromancer on Mar 17, 2021.
             Was an Initiate of Kikubaaqudgha.
             Slain by a phantom (8 damage)
             ... on level 5 of the Dungeon.
             The game lasted 00:11:42 (5764 turns).

sanka the Purveyor of Pain (Vampire Necromancer)    Turns: 5764, Time: 00:11:43

Health: 0/41       AC:  4    Str:  7      XL:     7   Next: 15%
Magic:  9/10       EV: 12    Int: 16 (17) God:    Kikubaaqudgha [......]
Gold:   291        SH:  0    Dex: 15 (17) Spells: 2/10 levels left

rFire    . . .     SeeInvis +   m - +0 long sword
rCold    . . .     Faith    .   (no shield)
rNeg     . . .     Spirit   .   a - +0 robe
rPois    .         Reflect  .   i - +0 helmet
rElec    .         Harm     .   (no cloak)
rCorr    .         Rampage  .   b - +0 pair of gloves
Will     .....                  (no boots)
Stlth    ++........             (no amulet)
HPRegen  0.33/turn              (no ring)
MPRegen  0.12/turn              (no ring)

@: regenerating quickly
A: alive, fangs 3, see invisible, unbreathing 1, vampiric 2, [frail 1]
a: Exsanguinate, Renounce Religion


You were on level 5 of the Dungeon.
You worshipped Kikubaaqudgha.
Kikubaaqudgha was noncommittal.
You visited 1 branch of the dungeon, and saw 5 of its levels.
You also visited: Ossuary.

You collected 291 gold pieces.


Innate Abilities, Weirdness & Mutations

Your natural rate of healing is unusually fast.
You have razor-sharp teeth.
You have supernaturally acute eyesight. (SInv)
You can survive without breathing.
You are afflicted with vampirism and can become a bat while bloodless.
[You are frail. (-10% HP)]


   Skills:
 - Level 2.1 Dodging
 - Level 3.0 Stealth
 - Level 2.0 Spellcasting
 + Level 6.9 Hexes
 - Level 7.8 Necromancy


You had 2 spell levels left.
You knew the following spells:

 Your Spells              Type           Power      Damage    Failure   Level
x - Vampiric Draining     Necr           13%        2d7       2%          3
z - Pain                  Necr           100%       1d9       1%          1
X - Confusing Touch       Hex            23%        N/A       3%          3
Z - Animate Skeleton      Necr           52%        N/A       1%          1

Your spell library contained the following spells:

 Spells                   Type           Power      Damage    Failure   Level
 Animate Dead             Necr           13%        N/A       9%          4
 Agony                    Necr           26%        N/A       22%         5
 Gell's Gravitas          Tloc           0%         N/A       52%         3
 Metabolic Englaciation   Hex/Ice        6%         N/A       80%         5
 Yara's Violent Unravell  Hex/Tmut       6%         3d5       80%         5
 Petrify                  Tmut/Erth      1%         N/A       90%         4

Inventory:

Hand Weapons
 m - a +0 long sword (weapon)
 y - a +1 falchion of draining
Armour
 a - a +0 robe (worn)
 b - a +0 pair of gloves (worn)
 i - a +0 helmet (worn)
Magical Staves
 f - a staff of poison
Scrolls
 c - a scroll of teleportation {unknown}
 e - a scroll of brand weapon {unknown}
 g - 2 scrolls of magic mapping {unknown}
 k - a scroll of blinking {unknown}
 l - 2 scrolls of holy word {unknown}
 p - a scroll of amnesia {unknown}
 r - a scroll of enchant armour {unknown}
 t - 3 scrolls of identify {unknown}
 u - a scroll of fog {unknown}
 x - a scroll of fear {unknown}
Potions
 d - 2 potions of mutation {unknown}
 h - 3 potions of might {unknown}
 j - a potion of ambrosia {unknown}
 o - 2 potions of curing {unknown}
 q - 2 potions of brilliance {unknown}
 s - a potion of haste {unknown}
 v - a potion of berserk rage {unknown}
 w - a potion of lignification {unknown}
 z - 4 potions of heal wounds {unknown}

Dungeon Overview and Level Annotations

Branches:
Dungeon (5/15)            Ossuary (visited)
 Temple: D:4-7

Altars:
Cheibriados
Kikubaaqudgha
Okawaru
Trog
Yredelemnul
Beogh

▒.▒▒.▒ .......
▒.▒▒#▒ .......
▒.▒▒.▒ .......
▒....+
.......▒▒▒.▒..#.▒
.........▒.▒▒.▒▒▒
..............▒
.........▒.▒▒▒▒
.......V.....5.
.......W......s
▒▒▒▒▒▒▒▒▒▒.▒▒▒▒ ▒


You could see a phantom (confused), a scorpion (asleep) and a white imp
(asleep).


Message History

The phantom misses you.
You riposte.
You hit the phantom. Your bite misses the phantom.
The phantom is lightly damaged.
The phantom barely misses you.
You hit the phantom.
The phantom is moderately damaged.
The phantom hits you.
* * * LOW HITPOINT WARNING * * *
The phantom blinks!
You blink.
Unknown command.
You completely miss the phantom.
The phantom is moderately damaged.
The phantom hits you but does no damage.
The phantom hits you.
* * * LOW HITPOINT WARNING * * *
The phantom blinks!
You blink.
A scorpion and a white imp come into view.
You hit the phantom. You bite the phantom.
The phantom is heavily damaged.
Unknown command.
You hit the phantom.
The phantom is heavily damaged.
The phantom hits you!
You die...
Kikubaaqudgha rasps: "You have failed me!
Welcome... death!"

Action                   |  1- 3 |  4- 6 |  7- 9 || total
-------------------------+-------+-------+-------++-------
Melee: Unarmed           |    20 |       |       ||    20
       Bite              |     3 |    23 |     2 ||    28
       Long sword        |       |    86 |    12 ||    98
       Mace              |       |    47 |       ||    47
 Cast: Pain              |    64 |    75 |       ||   139
       Vampiric Draining |       |    14 |       ||    14
       Confusing Touch   |       |     1 |     1 ||     2
 Abil: End Transformatio |       |     1 |       ||     1
       Bat Form          |       |     1 |       ||     1
       Exsanguinate      |       |     1 |       ||     1
       Revivify          |       |     1 |       ||     1
 Stab: Sleeping          |       |     3 |     1 ||     4
       Distracted        |       |     1 |       ||     1
Armor: Robe              |     4 |    33 |     2 ||    39
Dodge: Dodged            |    16 |   123 |     3 ||   142
       Rpst.: Long sword |       |    20 |     2 ||    22

Levels and vault maps discovered:
D:1:      wander_arrival_desolate, layout_loops_ring
D:2:      layout_basic
D:3:      layout_rooms, chequers_ecumenical_altar_grove, kennysheep_orc_chapel,
          uniq_robin
D:4:      layout_basic, lemuel_coloured_pillars_altar,
          chequers_temple_overflow_minitemple, chequers_ossuary_entry_cave
D:5:      layout_basic, kennysheep_mini_moat

Notes
Turn   | Place    | Note
-------+----------+-------------------------------------------
     0 | D:1      | sanka the Vampire Necromancer began the quest for the Orb.
     0 | D:1      | Reached XP level 1. HP: 13/13 MP: 3/3
   302 | D:1      | Reached XP level 2. HP: 18/19 MP: 3/5
   334 | D:1      | Reached skill level 5 in Necromancy
   603 | D:1      | Learned a level 1 spell: Animate Skeleton
  1037 | D:2      | Gained mutation: You are afflicted with vampirism and can
                  | become a bat while bloodless. [Vampire growth]
  1037 | D:2      | Reached XP level 3. HP: 23/24 MP: 4/6
  1433 | D:2      | Reached skill level 6 in Necromancy
  2055 | D:3      | Learned a level 3 spell: Vampiric Draining
  2091 | D:3      | Noticed Robin
  2112 | D:3      | Reached XP level 4. HP: 28/30 MP: 4/7
  2362 | D:3      | Killed Robin
  3119 | D:3      | Found a faded altar of an unknown god.
  3180 | D:3      | HP: 1/30 [orc priest/divine providence (16)]
  3388 | D:3      | HP: 2/28 [orc priest/+2 mace of draining (2)]
  3390 | D:3      | Reached skill level 7 in Necromancy
  3390 | D:3      | Reached XP level 5. HP: 8/35 MP: 1/8
  3772 | D:4      | Found a sand-covered staircase.
  3779 | Ossuary  | Entered an ossuary
  3779 | Ossuary  | Noticed a wraith
  3779 | Ossuary  | Noticed a wraith
  3779 | Ossuary  | Noticed a wraith
  3784 | Ossuary  | Learned a level 3 spell: Confusing Touch
  3891 | Ossuary  | Reached skill level 1 in Hexes
  4172 | Ossuary  | Noticed a wraith
  4481 | D:4      | Reached XP level 6. HP: 18/36 MP: 9/9
  4553 | D:4      | Reached skill level 2 in Hexes
  4573 | D:4      | Reached skill level 3 in Hexes
  4725 | D:4      | Reached skill level 4 in Hexes
  4753 | D:4      | Reached skill level 5 in Hexes
  5043 | D:4      | Found a faded altar of an unknown god.
  5043 | D:4      | Found a snail-covered altar of Cheibriados.
  5051 | D:4      | Found a basalt altar of Yredelemnul.
  5053 | D:4      | Found a bloodstained altar of Trog.
  5055 | D:4      | Found an iron altar of Okawaru.
  5193 | D:4      | Reached skill level 6 in Hexes
  5218 | D:4      | Found an ancient bone altar of Kikubaaqudgha.
  5356 | D:4      | Reached XP level 7. HP: 41/41 MP: 8/10
  5646 | D:4      | Became a worshipper of Kikubaaqudgha
  5727 | D:5      | Entered Level 5 of the Dungeon
  5764 | D:5      | Slain by a phantom

Vanquished Creatures
  2 ogres (D:4)
  A howler monkey (D:4)
  An orc priest (D:3)
  2 hounds (D:4)
  An orc wizard (D:4)
  4 worker ants (D:4)
  A mummy (Ossuary)
  Robin (D:3)
  4 adders
  3 worms
  A dart slug (D:1)
  2 leopard geckos
  6 orcs
  5 bats
  4 giant cockroaches
  17 goblins
  9 hobgoblins
  2 quokkas (D:3)
  2 ball pythons
  4 frilled lizards
  4 gnoll skeletons (Ossuary)
  8 kobolds
  6 kobold skeletons (Ossuary)
  15 orc skeletons (Ossuary)
  7 rats
112 creatures vanquished.
